 Dungeon Crawl Stone Soup version 0.29.1-4-g47bece8355 (webtiles) character file.

Game seed: 9073170939074384473

83 raph the Magician (level 4, -3/24 HPs)
             Began as a Deep Elf Fire Elementalist on Dec 10, 2022.
             Was an Initiate of Ashenzari.
             Killed from afar by Ijyb (12 damage)
             ... with a bolt of dispelling energy
             ... on level 3 of the Dungeon.
             The game lasted 00:03:19 (2315 turns).

raph the Magician (Deep Elf Fire Elementalist)      Turns: 2315, Time: 00:03:20

Health: -3/24      AC:  2    Str:  5    XL:     4   Next: 22%
Magic:  12/12      EV: 12    Int: 22    God:    Ashenzari [......]
Gold:   141        SH:  0    Dex: 15    Spells: 1/12 levels left

rFire   + . .      SeeInvis .   n - +0 rapier
rCold   x . .      Faith    .   (no shield)
rNeg    . . .      Spirit   .   a - +0 robe
rPois   .          Reflect  .   (no helmet)
rElec   .          Harm     .   (no cloak)
rCorr   .          Rampage  .   (no gloves)
Will    .....                   (no boots)
Stlth   ++........              (no amulet)
HPRegen 0.08/turn               i - ring "Share My Foul Odours" {Fire, Evo, Comp} (curse)
MPRegen 0.13/turn               (no ring)

@: no status effects
A: no striking features
a: Renounce Religion, Shatter the Chains


You were on level 3 of the Dungeon.
You worshipped Ashenzari.
Ashenzari was noncommittal.
You visited 1 branch of the dungeon, and saw 3 of its levels.

You collected 141 gold pieces.

Inventory:

Hand Weapons
 n - a +0 rapier (weapon)
Missiles
 e - 2 poisoned darts
Armour
 a - a +0 robe (worn)
Jewellery
 i - the cursed ring "Share My Foul Odours" (left hand) {Fire, Evo, Comp}
   (You found it on level 1 of the Dungeon)

   [ring of fire]

   It enhances your fire magic.
   rF:        It protects you from fire.
   rC:        It makes you vulnerable to cold.
   It has a curse which improves the following skills: Evocations: Evocations.
   Companions: Summonings and Necromancy.
 j - a ring of ice
Scrolls
 d - a scroll of fog {unknown}
 f - a scroll of amnesia {unknown}
 g - a scroll of teleportation {unknown}
 m - a scroll of enchant armour {unknown}
 p - 2 scrolls of identify
Potions
 b - 2 potions of magic
 c - a potion of heal wounds
 h - a potion of attraction
 k - 2 potions of mutation {unknown}
 l - a potion of flight {unknown}
 o - 3 potions of curing {unknown}


   Skills:
 - Level 2.4 Dodging
 - Level 2.4 Stealth
 + Level 4.7 Spellcasting
 + Level 1.3 Conjurations
 + Level 0.7(1.0) Necromancy
 + Level 4.4 Fire Magic


You had one spell level left.
You knew the following spells:

 Your Spells              Type           Power      Damage    Failure   Level
a - Foxfire               Conj/Fire      100%       2x1d9     3%          1
b - Scorch                Fire           74%        2d9       2%          2
c - Conjure Flame         Conj/Fire      27%        6-21      10%         3
d - Inner Flame           Hex/Fire       22%        N/A       12%         3
e - Sublimation of Blood  Necr           9%         N/A       11%         2

Your spell library contained the following spells:

 Spells                   Type           Power      Damage    Failure   Level
 Vampiric Draining        Necr           9%         2d6       21%         3
 Flame Wave               Conj/Fire      27%        2d9       30%         4
 Dispel Undead            Necr           9%         3d8       56%         4
 Olgreb's Toxic Radiance  Pois           5%         N/A       71%         4
 Ozocubu's Refrigeration  Ice            2%         4d8       100%        7
 Ignition                 Fire           18%        3d7       100%        8


Dungeon Overview and Level Annotations

Branches:
Dungeon (3/15)

Altars:
Ashenzari

Annotations:
D:3 Ijyb


Message History

The orc is moderately wounded.
The foxfire hits the orc.
You kill the orc!
Casting: Foxfire (safe; 3% risk of failure)
Confirm with . or Enter, or press ? or * to list all spells.
You feel a surge of power!
You conjure some foxfire!
Casting: Foxfire (safe; 3% risk of failure)
Confirm with . or Enter, or press ? or * to list all spells.
You feel a surge of power!
You conjure some foxfire!
The foxfire hits the rat!
You kill the rat!
The foxfire hits the orc but does no damage.
Casting: Foxfire (safe; 3% risk of failure)
Confirm with . or Enter, or press ? or * to list all spells.
You feel a surge of power!
You conjure some foxfire!
The foxfire hits the orc!
You kill the orc!
Casting: Foxfire (safe; 3% risk of failure)
Confirm with . or Enter, or press ? or * to list all spells.
You feel a surge of power!
You conjure some foxfire!
Your foxfire dissipates!
You start resting.
Your foxfire dissipates!
You start resting.
Your foxfire dissipates! x3
Your magical contamination has completely faded away.
You start resting.
Magic restored.
o - 3 amethyst potions (gained 2)
p - 2 scrolls of identify (gained 1) Ijyb the Twisted Goblin comes into view.
She is wielding a +0 dagger and carrying a wand of quicksilver (6).
An orc comes into view. It is wielding a +0 trident.
Ijyb shouts!
The orc shouts!
The orc barely misses you.
Ijyb zaps a wand.
The bolt of dispelling energy hits the orc!
The orc dies!
The bolt of dispelling energy hits you!
Ouch! That really hurt!
Ijyb zaps a wand.
The bolt of dispelling energy hits you!
Ouch! That really hurt!
You die...

# ## .. ..
.##. #. ..g #
###.##)####.#
............#
#..@# ###.#
#.# #.# #.# #
#.# # #.# #
#.# # #.#


You could see Ijyb.

Vanquished Creatures
  A gnoll (D:1)
  A worm (D:3)
  3 dart slugs
  3 orcs (D:3)
  3 ball pythons (D:1)
  5 endoplasms (D:1)
  2 goblins
  7 hobgoblins
  7 jackals
  5 quokkas
  5 bats
  4 frilled lizards
  5 kobolds
  3 rats
54 creatures vanquished.

Vanquished Creatures (collateral kills)
  A foxfire (D:1)
1 creature vanquished.

Vanquished Creatures (others)
  An orc (D:3)
  96 foxfires
  3 fungi (D:1)
  2 plants (D:1)
102 creatures vanquished.

Grand Total: 157 creatures vanquished

Notes
Turn   | Place    | Note
-------+----------+-------------------------------------------
     0 | D:1      | raph the Deep Elf Fire Elementalist began the quest for the
                  | Orb.
     0 | D:1      | Reached XP level 1. HP: 10/10 MP: 6/6
   240 | D:1      | Reached XP level 2. HP: 15/15 MP: 3/8
   288 | D:1      | Learned a level 2 spell: Scorch
   520 | D:1      | Reached XP level 3. HP: 18/19 MP: 4/10
   524 | D:1      | Learned a level 3 spell: Conjure Flame
   528 | D:1      | Learned a level 3 spell: Inner Flame
   877 | D:1      | Found a faded altar of an unknown god.
  1111 | D:2      | Got Kikubaaqudgha's Commentary on Iniquitous Rites
  1234 | D:2      | Found a broken altar of Ashenzari.
  1371 | D:2      | Became a worshipper of Ashenzari the Shackled
  1851 | D:3      | Learned a level 2 spell: Sublimation of Blood
  2002 | D:3      | Reached XP level 4. HP: 24/24 MP: 6/12
  2310 | D:3      | Noticed Ijyb
  2315 | D:3      | Killed from afar by Ijyb

Illustrated notes

Levels and vault maps discovered:
D:1:      psy_arrival_fountain, layout_rooms,
          shapermc_ecumenical_altar_mp_urbaneastern
D:2:      layout_basic, basic_altar
D:3:      layout_loops_ring, uniq_ijyb

Skill      XL: |  1  2 |
---------------+-------+-----
Spellcasting   | 4 |  4.7
Fire Magic     | 4 |  4.4
Dodging        | |  2.4
Stealth        | |  2.4
Conjurations   | |  1.3
Necromancy     | |  0.7

Action                   |  1- 3 |  4- 6 || total
-------------------------+-------+-------++-------
Melee: Unarmed           |     3 |       ||     3
       Rapier            |     3 |       ||     3
 Cast: Foxfire           |    45 |    13 ||    58
       Scorch            |    22 |     3 ||    25
       Conjure Flame     |       |     1 ||     1
Invok: Curse Item        |     1 |       ||     1
  Use: Scroll            |     5 |       ||     5
Armor: Robe              |     4 |       ||     4
Dodge: Dodged            |    13 |     2 ||    15
